 Dungeon Crawl Stone Soup version 0.29.1-1-gd02db6906a (webtiles) character file.

Game seed: 3316767923968179634

7210 raistware the Destroyer (level 11, -8/77 HPs)
             Began as a Human Conjurer on Oct 3, 2022.
             Was a Follower of Vehumet.
             Killed by an exploding gargoyle (43 damage)
             ... ignited by their inner flame
             ... on level 9 of the Dungeon.
             The game lasted 00:36:03 (12914 turns).

raistware the Destroyer (Human Conjurer)           Turns: 12914, Time: 00:36:03

Health: -8/77      AC:  2    Str:  8    XL:     11   Next: 33%
Magic:  10/21      EV: 13    Int: 22    God:    Vehumet [*.....]
Gold:   511        SH:  0    Dex: 12    Spells: 7/23 levels left

rFire   . . .      SeeInvis .   (no weapon)
rCold   . . .      Faith    .   (no shield)
rNeg    . . .      Spirit   .   a - +0 robe
rPois   +          Reflect  .   (no helmet)
rElec   .          Harm     .   d - scarf {repulsion}
rCorr   .          Rampage  .   (no gloves)
Will    .....                   (no boots)
Stlth   ++........              (no amulet)
HPRegen 0.22/turn               g - ring of poison resistance
MPRegen 0.17/turn               D - ring of wizardry

@: repel missiles
A: no striking features
a: Renounce Religion


You were on level 9 of the Dungeon.
You worshipped Vehumet.
Vehumet was aware of your devotion.
You visited 2 branches of the dungeon, and saw 10 of its levels.

You collected 511 gold pieces.

Inventory:

Hand Weapons
 L - a +3 short sword
Missiles
 e - 4 silver javelins
 r - 13 poisoned darts
 s - a curare-tipped dart
Armour
 a - a +0 robe (worn)
 d - a scarf of repulsion (worn)
 i - a +1 cloak
 t - a +0 buckler
Jewellery
 g - a ring of poison resistance (left hand)
 l - a +6 ring of dexterity
 D - a ring of wizardry (right hand)
 I - a ring of resist corrosion
 K - a ring of flight
Wands
 x - a wand of iceblast (1)
 y - a wand of paralysis (11)
 B - a wand of mindburst (11)
 F - a wand of polymorph (13)
Scrolls
 b - 6 scrolls of enchant armour
 c - 2 scrolls of poison {unknown}
 j - 3 scrolls of torment {unknown}
 k - 2 scrolls of silence {unknown}
 m - 2 scrolls of summoning {unknown}
 n - 2 scrolls of enchant weapon {unknown}
 p - 2 scrolls of amnesia {unknown}
 q - 6 scrolls of teleportation {unknown}
 u - a scroll of magic mapping {unknown}
 z - a scroll of acquirement {unknown}
 C - 3 scrolls of butterflies {unknown}
 E - 4 scrolls of noise {unknown}
Potions
 f - a potion of brilliance {unknown}
 h - 2 potions of magic
 o - 2 potions of mutation
 v - 6 potions of curing
 w - 2 potions of berserk rage
 A - a potion of heal wounds
 H - 2 potions of lignification
 J - 2 potions of might {unknown}


   Skills:
 - Level 4.0 Fighting
 + Level 3.8 Throwing
 - Level 4.0 Dodging
 - Level 4.0 Stealth
 + Level 6.9 Spellcasting
 - Level 12.0 Conjurations
 - Level 2.0 Translocations
 - Level 2.0 Transmutations
 - Level 4.0 Earth Magic
 + Level 3.9 Evocations


You had 7 spell levels left.
You knew the following spells:

 Your Spells              Type           Power      Damage    Failure   Level
a - Magic Dart            Conj           100%       1d8       1%          1
b - Iskenderun's Mystic   Conj/Tloc      38%        2d9       1%          4
c - Stone Arrow           Conj/Erth      84%        3d12      1%          3
d - Passwall              Tmut/Erth      16%        N/A       1%          2
e - Iron Shot             Conj/Erth      21%        9d5       19%         6

Your spell library contained the following spells:

 Spells                   Type           Power      Damage    Failure   Level
 Foxfire                  Conj/Fire      100%       2x1d9     1%          1
 Sandblast                Erth           50%        2d12      1%          1
 Searing Ray              Conj           100%       2d8       1%          2
 Dazzling Flash           Conj/Hex       68%        N/A       1%          3
 Fulminant Prism          Conj/Hex       17%        3d11      2%          4
 Animate Armour           Summ/Erth      32%        N/A       16%         4
 Blade Hands              Tmut           8%         N/A       38%         5


Dungeon Overview and Level Annotations

Branches:
Dungeon (9/15)             Temple (1/1) D:7
   Lair: D:8-11         Orc: D:9-12

Altars:
Ashenzari
Cheibriados
Dithmenos
Elyvilon
Gozag
Hepliaklqana
Kikubaaqudgha
Makhleb
Okawaru
Qazlal
Ru
Sif Muna
Uskayaw
Vehumet
Xom
Yredelemnul
Zin
The Shining One


Message History

You erupt in a blast of force!
The mystic blast hits the gnoll sergeant!
Flame seeps out of the gnoll sergeant.
The gnoll sergeant is heavily wounded.
The gnoll sergeant is knocked back by the mystic blast.
The gnoll sergeant slams into the rock wall!
Flame seeps out of the gnoll sergeant.
The gnoll sergeant is heavily wounded.
The mystic blast hits the gargoyle but does no damage.
The gargoyle is lightly damaged.
The gargoyle hits you with a +0 mace!
The floating eye gazes piercingly through you!
You shrug off the repeated paralysis!
The gnoll sergeant is engulfed in blazing flames.
Flame seeps out of the gnoll sergeant.
The gnoll sergeant hits you but does no damage.
Casting: Iskenderun's Mystic Blast (dangerous; 1% risk of failure)
Confirm with . or Enter, or press ? or * to list all spells.
You erupt in a blast of force!
The mystic blast hits the gnoll sergeant.
Flame seeps out of the gnoll sergeant.
The gnoll sergeant is almost dead.
The mystic blast hits the gargoyle but does no damage.
The gargoyle is lightly damaged.
You hear a howl!
The gargoyle hurls a stone arrow at you.
The stone arrow misses you. The floating eye's view fixates on you.
The gnoll sergeant is engulfed in blazing flames.
Vehumet accepts your kill.
The gnoll sergeant explodes!
The fiery explosion engulfs the floating eye!
Flame seeps out of the floating eye.
The floating eye is almost dead.
The fiery explosion engulfs the gargoyle!!!
Vehumet accepts your kill.
The gargoyle explodes!
The fiery explosion engulfs you!!!
Ouch! That really hurt!
You die...

##+#.#...... #.#.######
#..... ..# .....
#.#.##### #..... .)#
##^## #.#.. ..# #####'
.#.. ... ..### #.# #[.
.### .# #.## #####'# ..
#.#########..# #......
........)..#'#####......
.#.#.#.#......#.'......
#@##.....'.#......
#hG○§§#......###......
#.######)....# #......
#......# #..)...
##.##+## #...... #.....#
#...... #+######..###
#####'# .#.#.#.#..###
#.# ..P.P..##
............# #.)


You could see a howler monkey (inner flame) and a floating eye (inner flame,
charged).

Vanquished Creatures
  A two-headed ogre (D:9)
  Pikel (D:7)
  A gargoyle (D:9)
  2 trolls
  A hornet (D:8)
  2 wyverns (D:9)
  A yak (D:8)
  3 steam dragons (D:8)
  Menkaure (D:7)
  An acid dragon (D:8)
  A water moccasin (D:9)
  3 black bears
  3 orc warriors
  A sky beast (D:8)
  2 ice beasts (D:5)
  3 ogres
  6 centaurs
  2 kobold brigands
  3 phantoms
  6 bullfrogs
  2 necrophages (D:6)
  2 gnoll sergeants
  4 scorpions
  11 wights
  5 howler monkeys
  6 electric eels (D:8)
  A vampire bat (D:3)
  A hound (D:3)
  3 orc priests
  A gnoll bouda (D:6)
  A jelly (D:8)
  3 iguanas
  5 orc wizards
  Robin (D:3)
  9 gnolls
  7 adders
  3 white imps
  A worm (D:2)
  3 dart slugs
  17 orcs
  7 ball pythons
  9 endoplasms
  2 giant cockroaches
  3 hobgoblins
  3 jackals (D:1)
  9 quokkas
  10 bats
  6 frilled lizards
  14 goblins
  11 kobolds
  5 rats
209 creatures vanquished.

Vanquished Creatures (others)
  47 fungi (D:9)
  51 plants
98 creatures vanquished.

Grand Total: 307 creatures vanquished

Notes
Turn   | Place    | Note
-------+----------+-------------------------------------------
     0 | D:1      | raistware the Human Conjurer began the quest for the Orb.
     0 | D:1      | Reached XP level 1. HP: 13/13 MP: 3/3
   208 | D:1      | Reached XP level 2. HP: 6/19 MP: 1/5
   973 | D:2      | Reached XP level 3. HP: 24/24 MP: 4/7
  1452 | D:2      | Learned a level 3 spell: Stone Arrow
  1667 | D:2      | Found a faded altar of an unknown god.
  1711 | D:2      | Reached XP level 4. HP: 30/30 MP: 3/9
  1716 | D:2      | Learned a level 4 spell: Iskenderun's Mystic Blast
  1719 | D:2      | Learned a level 2 spell: Passwall
  2433 | D:3      | Noticed Robin
  2627 | D:3      | Killed Robin
  2628 | D:3      | Reached XP level 5. HP: 35/35 MP: 1/11
  3020 | D:3      | Reached skill level 1 in Translocations
  3257 | D:3      | Reached skill level 5 in Conjurations
  3274 | D:3      | Reached XP level 6. HP: 36/41 MP: 0/12
  4146 | D:4      | Noticed an ogre
  4155 | D:4      | Killed an ogre
  4156 | D:4      | Reached skill level 6 in Conjurations
  4156 | D:4      | Reached XP level 7. HP: 46/46 MP: 9/13
  4222 | D:4      | Found an ancient bone altar of Kikubaaqudgha.
  4430 | D:4      | Reached skill level 1 in Transmutations
  4629 | D:5      | Entered Level 5 of the Dungeon
  4638 | D:5      | Reached skill level 7 in Conjurations
  4841 | D:5      | Found an iron altar of Okawaru.
  4966 | D:5      | Reached XP level 8. HP: 41/52 MP: 4/14
  5126 | D:5      | Found a shimmering blue altar of Sif Muna.
  5385 | D:5      | Reached skill level 8 in Conjurations
  5653 | D:5      | Found a snail-covered altar of Cheibriados.
  6207 | D:6      | Reached skill level 5 in Spellcasting
  6645 | D:6      | Reached skill level 1 in Earth Magic
  6645 | D:6      | Reached XP level 9. HP: 47/57 MP: 10/17
  6652 | D:6      | Learned a level 6 spell: Iron Shot
  7127 | D:6      | Reached skill level 1 in Fighting
  7171 | D:6      | Found a shadowy altar of Dithmenos.
  8666 | D:7      | Noticed Pikel
  8678 | D:7      | Killed Pikel
  8679 | D:7      | Reached skill level 9 in Conjurations
  8920 | D:7      | Reached XP level 10. HP: 70/70 MP: 14/19
  9162 | D:7      | Noticed Menkaure
  9165 | D:7      | Killed Menkaure
  9293 | D:7      | Found a staircase to the Ecumenical Temple.
  9299 | Temple   | Entered the Ecumenical Temple
  9414 | Temple   | Became a worshipper of Vehumet
  9520 | D:8      | Found a stormy altar of Qazlal.
  9545 | D:8      | Reached skill level 10 in Conjurations
  9764 | D:8      | Found a sacrificial altar of Ru.
  9940 | D:8      | Reached skill level 1 in Throwing
  9940 | D:8      | Reached skill level 1 in Evocations
 10954 | D:8      | Reached skill level 11 in Conjurations
 11578 | D:8      | Reached * piety under Vehumet
 11578 | D:8      | Offered knowledge of Foxfire by Vehumet.
 11857 | D:9      | Reached XP level 11. HP: 77/77 MP: 2/20
 12047 | D:9      | Noticed a two-headed ogre
 12477 | D:9      | Found a burning altar of Makhleb.
 12670 | D:9      | Found a broken altar of Ashenzari.
 12827 | D:9      | Killed a two-headed ogre
 12828 | D:9      | Reached skill level 12 in Conjurations
 12910 | D:9      | Paralysed by a floating eye for 3 turns
 12914 | D:9      | Killed by an exploding gargoyle... ignited by their inner
                  | flame

Illustrated notes

Levels and vault maps discovered:
D:1:      dpeg_arrival_round_a, layout_rooms
D:2:      layout_loops_corners, shapermc_ecumenical_altar_acropolis,
          minivault_25
D:3:      layout_basic, glass_columns_b, roderic_batcave,
          minmay_fractal_squares_diagonal_5, uniq_robin
D:4:      layout_cave_pools, lemuel_crystal_altar,
          nicolae_concentric_dashed_squares_mild
D:5:      layout_loops_ring, led_sif_pool, mainiacjoe_overflow_small_starburst,
          cheibriados_altar_1, serial_bayou_crossing
D:6:      layout_layer_cave, mainiacjoe_overflow_chevrons, minmay_misc_feat_tiny
D:7:      layout_basic, minmay_temple_entry_enclosed_plants, uniq_pikel,
          uniq_menkaure
D:8:      cheibrodos_two_vegetables, layout_basic,
          nicolae_overflow_hidden_temple, nicolae_ru_awakened_eye,
          minmay_misc_feat_encased
D:9:      layout_roguey, lemuel_tele_altar, mainiacjoe_overflow_swirl,
          due_lair_maze_entry_diamond, onia_ninara_cookie
Temple:   nicolae_temple_figure_zero

Skill      XL: |  1  2  3  4  5  6  7  8  9 10 11 |
---------------+----------------------------------+-----
Spellcasting   | 3 4 5 6 |  6.9
Translocations | 1 2 |  2.0
Conjurations   | 5 6 7 8 9 11 12 | 12.0
Transmutations | 2 |  2.0
Dodging        | 4 |  4.0
Earth Magic    | 1 4 |  4.0
Fighting       | 3 4 |  4.0
Stealth        | 4 |  4.0
Throwing       | 2 3 |  3.8
Evocations     | 2 3 |  3.9

Action                   |  1- 3 |  4- 6 |  7- 9 | 10-12 || total
-------------------------+-------+-------+-------+-------++-------
Melee: Unarmed           |     2 |     9 |    20 |       ||    31
       Punch             |       |       |     1 |       ||     1
       War axe           |       |       |     3 |       ||     3
Throw: Javelin           |     5 |       |       |     1 ||     6
       Dart              |       |     6 |    10 |    15 ||    31
 Cast: Magic Dart        |    74 |    99 |    55 |    14 ||   242
       Stone Arrow       |       |     8 |    77 |    94 ||   179
       Iskenderun's Myst |       |       |     4 |     6 ||    10
Evoke: Wand              |       |       |     4 |     9 ||    13
  Use: Potion            |     1 |       |       |     1 ||     2
       Scroll            |       |       |     8 |     2 ||    10
 Stab: Paralysed         |       |       |     7 |       ||     7
Armor: Robe              |     3 |     6 |     5 |     2 ||    16
Dodge: Dodged            |    16 |    19 |    30 |    21 ||    86
       Repelled          |       |       |     1 |     3 ||     4
